 Dungeon Crawl Stone Soup version 0.28.0-47-ge53b351184 (webtiles) character file.

Game seed: 12753826139018177388

945 bobregger the Basher (level 8, -3/78 HPs)
             Began as an Ogre Berserker on Apr 30, 2022.
             Was a Priest of Trog.
             Slain by a scorpion (8 damage)
             ... on level 5 of the Dungeon.
             The game lasted 00:06:00 (5064 turns).

bobregger the Basher (Ogre Berserker)               Turns: 5064, Time: 00:06:01

Health: -3/78      AC: 10    Str: 22    XL:     8   Next: 13%
Magic:  8/8        EV: 10    Int:  8    God:    Trog [***...]
Gold:   171        SH:  0    Dex: 10    Spells: 7/7 levels left

rFire   . . .      SeeInvis .   p - +1 flail (protect)
rCold   . . .      Faith    .   (no shield)
rNeg    . . .      Spirit   .   b - +0 animal skin
rPois   .          Reflect  .   (helmet restricted)
rElec   .          Harm     .   (no cloak)
rCorr   .          Rampage  .   (gloves unavailable)
Will    .....                   (boots unavailable)
Stlth   +.........              (no amulet)
HPRegen 0.23/turn               (no ring)
MPRegen 0.11/turn               (no ring)

@: lethally poisoned (-3 -> -11), under a protective aura, on berserk cooldown,
slowed, very slow
A: large, unfitting armour, tough skin 1
a: Renounce Religion, Berserk, Trog's Hand


You were on level 5 of the Dungeon.
You worshipped Trog.
Trog was most pleased with you.
You visited 1 branch of the dungeon, and saw 5 of its levels.

You collected 171 gold pieces.

Inventory:

Hand Weapons
 p - a +1 flail of protection (weapon)
Armour
 b - a +0 animal skin (worn)
Jewellery
 d - a ring of protection from cold
 e - a ring of magical power
Scrolls
 a - 2 scrolls of holy word {unknown}
 f - a scroll of magic mapping {unknown}
 h - 3 scrolls of identify {unknown}
 j - a scroll of enchant armour {unknown}
 n - 2 scrolls of teleportation {unknown}
 r - a scroll of fog {unknown}
 s - a scroll of vulnerability {unknown}
Potions
 c - a potion of heal wounds {unknown}
 g - a potion of magic {unknown}
 i - 2 potions of attraction {unknown}
 k - a potion of might {unknown}
 l - a potion of flight {unknown}
 m - a potion of curing {unknown}
 o - a potion of haste {unknown}
 q - 2 potions of brilliance {unknown}


   Skills:
 - Level 4.0 Fighting
 + Level 8.8 Maces & Flails
 - Level 2.6 Dodging


You had 7 spell levels left.
You didn't know any spells.
Your spell library was empty.

Dungeon Overview and Level Annotations

Branches:
Dungeon (5/15)
 Temple: D:4-7

Altars:
Makhleb
Ru
Vehumet
Wu Jian

Shops:
D:3 [=[(!   D:4 (   D:5 (


Innate Abilities, Weirdness & Mutations

You are too large for most types of armour.
You have tough skin. (AC +1)


Message History

You feel strong-willed. The orc misses you. The orc hits you with a +0 dagger.
The scorpion stings you.
You are poisoned.
The scorpion poisons you!
You feel very sick.
You feel very sick.
You feel sick. The scorpion closely misses you.
You feel sick. The scorpion stings you.
You feel the effects of Trog's Hand fading.
You feel sick.
You feel sick.
You are no longer poisoned.
The scorpion stings you.
The scorpion stings you but does no damage.
A jelly comes into view.
Your skin stops crawling.
You feel less strong-willed.
The orc priest looks encouraged for a moment.
The scorpion stings you. The jelly barely misses you.
The scorpion barely misses you.
You sock the jelly!
Your weapon exudes an aura of protection.
Your hands burn!
* * * LOW HITPOINT WARNING * * *
The jelly is almost dead.
The jelly barely misses you. The scorpion stings you.
* * * LOW HITPOINT WARNING * * *
You are poisoned.
The scorpion poisons you! The jelly hits you.
* * * LOW HITPOINT WARNING * * *
You are splashed with acid.
* * * LOW HITPOINT WARNING * * *
You sock the jelly!
You kill the jelly!
Trog accepts your kill.
* * * LOW HITPOINT WARNING * * *
You feel very sick. The scorpion misses you. The scorpion stings you!
You die...

...... #.# #..#
##.##.##.###..#
#............#
#.##...oo....#
#.#####.######
#.#####.#


#ooo.oo.# ########s#####.# .......@.......# ########.####### ### You could see a
scorpion, an orc priest and 2 orcs.

Vanquished Creatures
  A steam dragon (D:5)
  Duvessa (D:5)
  2 ogres
  A phantom (D:4)
  A scorpion (D:4)
  Dowan (D:5)
  2 jellies (D:5)
  An orc priest (D:5)
  An iguana (D:5)
  3 orc wizards
  Terence (D:2)
  A hound skeleton (D:4)
  5 adders
  3 gnolls (D:4)
  A river rat (D:4)
  A white imp (D:5)
  An ufetubus (D:4)
  2 dart slugs
  7 orcs
  3 bats
  5 endoplasms
  3 giant cockroaches (D:3)
  8 goblins
  5 hobgoblins
  7 jackals
  8 ball pythons
  4 frilled lizards
  8 kobolds
  7 rats
94 creatures vanquished.

Vanquished Creatures (others)
  6 plants (D:4)
6 creatures vanquished.

Grand Total: 100 creatures vanquished

Notes
Turn   | Place    | Note
-------+----------+-------------------------------------------
     0 | D:1      | bobregger the Ogre Berserker began the quest for the Orb.
     0 | D:1      | Reached XP level 1. HP: 24/24 MP: 1/1
   255 | D:1      | Found a faded altar of an unknown god.
   263 | D:1      | Reached skill level 3 in Maces & Flails
   279 | D:1      | Reached XP level 2. HP: 22/32 MP: 2/2
   551 | D:2      | Noticed Terence
   559 | D:2      | Killed Terence
   560 | D:2      | Reached XP level 3. HP: 39/39 MP: 3/3
   929 | D:2      | Reached skill level 4 in Maces & Flails
  1290 | D:2      | Reached ** piety under Trog
  1674 | D:3      | Found Weic's Distillery.
  1679 | D:3      | Found Voumut's Antique Armour Shop.
  1687 | D:3      | Found Qytealo's Jewellery Shop.
  1734 | D:3      | Reached XP level 4. HP: 30/48 MP: 4/4
  2240 | D:3      | Found Jugump's Antique Armour Boutique.
  2275 | D:3      | Found Luse's Weapon Boutique.
  2430 | D:3      | Found an ornate altar of the Wu Jian Council.
  2432 | D:3      | Found a radiant altar of Vehumet.
  2435 | D:3      | Found a sacrificial altar of Ru.
  2670 | D:4      | Reached skill level 5 in Maces & Flails
  2670 | D:4      | Reached XP level 5. HP: 54/54 MP: 5/5
  2739 | D:4      | Found a burning altar of Makhleb.
  2867 | D:4      | Noticed a phantom
  2897 | D:4      | Killed a phantom
  3133 | D:4      | Reached XP level 6. HP: 62/62 MP: 6/6
  3133 | D:4      | Found Ecseuc's Weapon Boutique.
  3356 | D:4      | Reached *** piety under Trog
  3357 | D:4      | Reached skill level 6 in Maces & Flails
  3877 | D:4      | Reached skill level 7 in Maces & Flails
  3922 | D:5      | Entered Level 5 of the Dungeon
  3949 | D:5      | Noticed Dowan
  3951 | D:5      | Noticed Duvessa
  3960 | D:5      | Killed Dowan
  3961 | D:5      | Reached XP level 7. HP: 69/70 MP: 7/7
  3965 | D:5      | Killed Duvessa
  4139 | D:5      | Reached skill level 8 in Maces & Flails
  4968 | D:5      | Found Danu's Antique Weapon Shop.
  5031 | D:5      | Noticed a steam dragon
  5039 | D:5      | Killed a steam dragon
  5040 | D:5      | Reached XP level 8. HP: 67/78 MP: 8/8
  5064 | D:5      | Slain by a scorpion

Illustrated notes

Levels and vault maps discovered:
D:1:      dpeg_arrival_tiny_a, layout_basic, shapermc_ecumenical_altar_pompeii
D:2:      layout_basic, hangedman_decor_push, kennysheep_cross_bottleneck,
          wad_floor_pattern_1, roderic_filled_cross, moated_statue, uniq_terence
D:3:      layout_basic, minmay_overflow_temple_star_quad, serial_shops, shop,
          shop, shop, shop, nicolae_shop_waterfront
D:4:      cheibrodos_old_hovel, layout_loops_ring, bloody_makhleb, serial_shops,
          nicolae_shop_advertising_works [nicolae_subvault_shop_adworks],
          portal_sewer_entry_e, kennysheep_generic_room_11
D:5:      layout_basic, serial_shops, shop, uniq_ijyb, uniq_duvessa

Skill      XL: |  1  2  3  4  5  6  7 |
---------------+----------------------+-----
Maces & Flails | 3 4 5 7 8 |  8.8
Fighting       | |  4.0
Dodging        | |  2.6

Action                   |  1- 3 |  4- 6 |  7- 9 || total
-------------------------+-------+-------+-------++-------
Melee: Mace              |    31 |       |       ||    31
       Flail             |    71 |   177 |    68 ||   316
       Punch             |     1 |     1 |       ||     2
Invok: Berserk           |     1 |     5 |     2 ||     8
       Trog's Hand       |       |       |     1 ||     1
Armor: Animal skin       |    46 |    67 |    35 ||   148
Dodge: Dodged            |    80 |   110 |    41 ||   231
